Penguins vs Lightning

Created - December 19, 2016 at 18:00

Goals
1 2 3 OT1 SO T
Penguins 1 1 0 0 0 2
Lightning 1 0 1 0 1 3
Shots
1 2 3 OT1 SO T
Penguins 9 11 12 3 3 35
Lightning 5 8 5 5 2 23

1st period

1. Lightning , Troy Brouwer 7 (Tomas Fleischmann, Henrik Sedin) at 3:39
2. Penguins , Mike Cammalleri 9 (Alexander Wennberg, David Savard) at 5:43 (PP)

Penalties :
Brad Hunt (TBL) for Cross-checking (Minor) at 4:42, Christian Ehrhoff (TBL) for Hooking (Minor) at 12:04, Christian Ehrhoff (TBL) for Interference (Minor) at 14:05

2nd period

3. Penguins , Alexander Wennberg 7 (Mike Cammalleri, Dmitry Kulikov) at 6:41

Penalties :
Mike Cammalleri (PIT) for Interference (Minor) at 4:19

3rd period

4. Lightning , Kevin Klein 3 (Henrik Sedin, Troy Brouwer) at 13:03

Penalties :
Kevin Klein (TBL) for Holding (Minor) at 2:48, Christian Ehrhoff (TBL) for Holding (Minor) at 9:49, Matt Hunwick (PIT) for Boarding (Minor) at 15:38

Overtime #1

No Goal

Penalties :
No Penalty

Shootout

Penalty Shot by Nathan MacKinnon for Penguins - Stopped by Kari Lehtonen
Penalty Shot by Jeff Carter for Lightning - Shot Misses the Net
Penalty Shot by Mike Cammalleri for Penguins - Stopped by Kari Lehtonen
Penalty Shot by Henrik Sedin for Lightning - Goal!
Penalty Shot by Alexander Wennberg for Penguins - Stopped by Kari Lehtonen

Penalties :
No Penalty

Goalie Stats

Louis Domingue (PIT), 21 saves from 23 shots - (0.913), OTL, 13-10-1, 65:00 minutes
Kari Lehtonen (TBL), 33 saves from 35 shots - (0.943), W, 7-8-3, 65:00 minutes

Players Stats for Penguins

Player Name              G  A  P  +/- PIM S  H  SB GA TA FO     MP     PP MP  PK MP  
------------------------------------------------------------------------------------
Alexander Wennberg       1  1  2   0  0   3  1  0  0  0  13/26  19:39   3:54   0:00 
Brandon Saad             0  0  0   0  0   5  1  0  0  0  1/2    22:28   3:54   0:15 
David Perron             0  0  0   0  0   2  4  0  0  0  0/1    12:21   0:00   0:00 
David Savard             0  1  1  -1  0   0  0  1  0  0  0/0    29:38   4:13   2:31 
Dmitry Kulikov           0  1  1   1  0   0  0  2  0  0  0/0    20:33   0:58   0:58 
Gabriel Bourque          0  0  0  -1  0   0  1  0  0  0  0/0     7:18   0:00   2:17 
Gabriel Landeskog        0  0  0   1  0   9  2  0  0  0  3/6    23:25   5:03   1:26 
Jakub Voracek            0  0  0   0  0   1  0  0  0  0  0/2    19:52   5:03   0:00 
Luke Glendening          0  0  0  -1  0   1  1  1  0  0  4/9     7:15   0:00   2:17 
Matt Hunwick             0  0  0  -2  2   0  1  2  0  0  0/0    27:26   5:25   0:39 
Mike Cammalleri          1  1  2   0  2   5  0  0  0  0  1/3    21:57   3:54   0:00 
Nathan MacKinnon         0  0  0   0  0   4  0  0  0  0  19/31  21:34   5:03   0:00 
Oliver Bjorkstrand       0  0  0   0  0   1  0  0  0  0  0/0    12:36   0:00   0:15 
Pavel Zacha              0  0  0  -1  0   0  0  0  0  0  0/0     6:24   0:00   1:26 
Ryan Suter               0  0  0   0  0   0  0  1  0  0  0/0     2:54   0:00   0:00 
Victor Hedman            0  0  0  -1  0   2  2  1  0  0  0/0    28:32   4:29   1:57 
William Nylander         0  0  0   0  0   1  0  0  0  0  9/11   12:21   0:00   0:00 
Xavier Ouellet           0  0  0   0  0   1  0  0  0  0  0/0    19:47   2:49   1:51 

Players Stats for Lightning

Player Name              G  A  P  +/- PIM S  H  SB GA TA FO     MP     PP MP  PK MP  
------------------------------------------------------------------------------------
Andre Benoit             0  0  0   0  0   0  0  0  0  0  0/0     2:26   0:00   0:24 
Andrej Sekera            0  0  0   1  0   0  1  1  0  0  0/0    24:15   1:37   4:00 
Brad Hunt                0  0  0  -1  2   0  2  0  0  0  0/0    14:03   0:00   0:00 
Christian Ehrhoff        0  0  0  -1  6   1  0  0  0  0  0/0    14:47   0:00   1:27 
David Schlemko           0  0  0   1  0   1  0  0  0  0  0/0    21:22   2:21   4:37 
Eric Fehr                0  0  0   0  0   0  0  0  0  0  2/6     5:17   0:00   3:02 
Erik Gudbranson          0  0  0   1  0   0  4  2  0  0  0/0    26:05   2:21   4:20 
Henrik Sedin             0  2  2   2  0   1  0  1  0  0  7/25   19:51   2:21   0:14 
Jeff Carter              0  0  0   0  0   7  0  0  0  0  13/27  22:07   1:37   0:00 
Johnny Gaudreau          0  0  0   0  0   2  0  0  0  0  1/2    23:26   1:37   0:00 
Kevin Klein              1  0  1   1  2   1  2  4  0  0  0/0    26:57   1:37   3:06 
Nick Spaling             0  0  0  -1  0   1  0  0  0  0  0/0    12:23   0:00   0:00 
Patric Hornqvist         0  0  0   0  0   0  4  0  0  0  0/1    22:52   1:37   0:00 
Radim Vrbata             0  0  0   0  0   1  0  0  0  0  0/0     2:15   0:00   0:00 
Tobias Rieder            0  0  0  -1  0   3  0  1  0  0  0/0    15:25   0:00   3:02 
Tomas Fleischmann        0  1  1   2  0   1  0  0  0  0  0/1    22:30   2:21   5:55 
Travis Zajac             0  0  0  -1  0   2  0  0  0  0  18/29  18:22   0:00   5:41 
Troy Brouwer             1  1  2   2  0   2  2  0  0  0  0/0    16:35   2:21   0:00 

3 Stars

1 - Troy Brouwer (TBL)
2 - Alexander Wennberg (PIT)
3 - Henrik Sedin (TBL)

Power Play

Penguins - 1 on 5 Attempt(s) - 20.00%
Lightning - 0 on 2 Attempt(s) - 0.00%

Penalty Kill

Penguins - 2 on 2 Attempt(s) - 100.00% - Score 0 goal in Penalty Kill
Lightning - 4 on 5 Attempt(s) - 80.00% - Score 0 goal in Penalty Kill

Team Stat

Penguins - Hits : 13 - Faceoff Wins : 50 - Blocked Shots : 8 - Penalty Minutes : 4
Lightning - Hits : 15 - Faceoff Wins : 41 - Blocked Shots : 9 - Penalty Minutes : 10

Official

Referees : Ghislain Hebert and Justin StPierre
Linesman : Thor Nelson and Brad Kovachik

Game Notes

Ryan Suter is injured at 9:16 of 1st period (Right Foot)

Finance

Level 1 -- Attendance: 5652 (86.95%) -- Ticket Income $621,720
Level 2 -- Attendance: 3203 (64.06%) -- Ticket Income $304,285
Level 3 -- Attendance: 2003 (57.23%) -- Ticket Income $150,225
Level 4 -- Attendance: 1938 (60.49%) -- Ticket Income $87,210
Luxury Box -- Attendance: 514 (51.40%) -- Ticket Income $185,040
Game was played at the Amalie Arena.
Total Attendance: 13310 (69.31%)
Total Ticket Income: $1,348,480
Other Income: $202,272
Total Income: $1,550,752

% Time on Ice - Penguins

Lines # - Real PCT - Wanted PCT - Time Play
Normal Forward
1 - 30% - 33% - 14:01
2 - 33% - 33% - 15:45
3 - 26% - 23% - 12:21
4 - 11% - 11% - 4:58
Normal Defense
1 - 47% - 40% - 22:05
2 - 22% - 35% - 10:24
3 - 29% - 25% - 13:30
4 - 2% - 0% - 1:06
PP Forward
1 - 56% - 60% - 5:03
2 - 44% - 40% - 3:54
PP Defense
1 - 87% - 60% - 7:46
2 - 13% - 40% - 1:11
PK Forward
1 - 64% - 60% - 2:32
2 - 36% - 40% - 1:26
PK Defense
1 - 100% - 60% - 3:58
2 - 0% - 40% - 0:00
PK3 Forward
1 - 0% - 60%
2 - 0% - 40%
PK3 Defense
1 - 0% - 60%
2 - 0% - 40%
44 Forward
1 - 0% - 60%
2 - 0% - 40%
44 Defense
1 - 0% - 60%
2 - 0% - 40%
Last Minute Offensive  - 0:00
Last Minute Defensive  - 0:00
Total
Forward - 60:00
Defense - 60:00

% Time on Ice - Lightning

Lines # - Real PCT - Wanted PCT - Time Play
Normal Forward
1 - 39% - 40% - 18:13
2 - 30% - 30% - 14:14
3 - 26% - 20% - 12:23
4 - 5% - 10% - 2:15
Normal Defense
1 - 37% - 40% - 17:31
2 - 30% - 30% - 14:06
3 - 28% - 20% - 13:23
4 - 4% - 10% - 2:05
PP Forward
1 - 41% - 60% - 1:37
2 - 59% - 40% - 2:21
PP Defense
1 - 41% - 60% - 1:37
2 - 59% - 40% - 2:21
PK Forward
1 - 66% - 60% - 5:55
2 - 34% - 40% - 3:02
PK Defense
1 - 48% - 60% - 4:20
2 - 52% - 40% - 4:37
PK3 Forward
1 - 0% - 60%
2 - 0% - 40%
PK3 Defense
1 - 0% - 60%
2 - 0% - 40%
44 Forward
1 - 0% - 60%
2 - 0% - 40%
44 Defense
1 - 0% - 60%
2 - 0% - 40%
Last Minute Offensive  - 0:00
Last Minute Defensive  - 0:00
Total
Forward - 60:00
Defense - 60:00

Play by Play

1st period


0:01 of 1st period - Nathan MacKinnon wins face-off versus Jeff Carter in neutral zone.
0:32 of 1st period - Shot by Jeff Carter.
0:32 of 1st period - Shot Misses the Net.
0:34 of 1st period - Shot by Patric Hornqvist.
0:34 of 1st period - Shot Blocked by Victor Hedman.
0:54 of 1st period - Icing by Jeff Carter.
0:55 of 1st period - Alexander Wennberg wins face-off versus Jeff Carter in Lightning zone.
1:43 of 1st period - Off-side.
1:44 of 1st period - William Nylander wins face-off versus Travis Zajac in neutral zone.
1:51 of 1st period - Icing by Brad Hunt.
1:52 of 1st period - Travis Zajac wins face-off versus William Nylander in Lightning zone.
1:57 of 1st period - Shot by Nick Spaling.
1:57 of 1st period - Shot Misses the Net.
2:34 of 1st period - Off-side.
2:35 of 1st period - Eric Fehr wins face-off versus Luke Glendening in neutral zone.
3:00 of 1st period - Shot by Radim Vrbata.
3:00 of 1st period - Stopped by Louis Domingue without a rebound.
3:01 of 1st period - Alexander Wennberg wins face-off versus Henrik Sedin in Penguins zone.
3:12 of 1st period - Shot by Henrik Sedin.
3:12 of 1st period - Deflect By Troy Brouwer.
3:12 of 1st period - Shot Misses the Net.
3:25 of 1st period - Alexander Wennberg is hit by Erik Gudbranson and loses puck.
3:35 of 1st period - Shot by Tomas Fleischmann.
3:35 of 1st period - Stopped by Louis Domingue with a rebound.
3:37 of 1st period - Shot by Troy Brouwer.
3:37 of 1st period - Shot Misses the Net.
3:39 of 1st period - Shot by Troy Brouwer.
3:39 of 1st period - Goal by Troy Brouwer - Penguins : 0 - Lightning : 1.
3:40 of 1st period - Jeff Carter wins face-off versus Nathan MacKinnon in neutral zone.
3:47 of 1st period - Ryan Suter is hit by Patric Hornqvist and loses puck.
4:42 of 1st period - Minor Penalty to Brad Hunt for Cross-checking.
4:43 of 1st period - Travis Zajac wins face-off versus Alexander Wennberg in Lightning zone.
4:52 of 1st period - Shot by Mike Cammalleri.
4:52 of 1st period - Stopped by Kari Lehtonen without a rebound.
4:53 of 1st period - Travis Zajac wins face-off versus Mike Cammalleri in Lightning zone.
5:15 of 1st period - Icing by David Savard.
5:16 of 1st period - Travis Zajac wins face-off versus Alexander Wennberg in Penguins zone.
5:43 of 1st period - Shot by Mike Cammalleri.
5:43 of 1st period - Goal by Mike Cammalleri - Penguins : 1 - Lightning : 1.
5:44 of 1st period - William Nylander wins face-off versus Jeff Carter in neutral zone.
6:56 of 1st period - Off-side.
6:57 of 1st period - Alexander Wennberg wins face-off versus Travis Zajac in neutral zone.
7:06 of 1st period - Shot by Mike Cammalleri.
7:06 of 1st period - Shot Misses the Net.
7:08 of 1st period - Shot by Alexander Wennberg.
7:08 of 1st period - Stopped by Kari Lehtonen with a rebound.
7:20 of 1st period - Shot by Mike Cammalleri.
7:20 of 1st period - Shot Blocked by Tobias Rieder.
8:06 of 1st period - Shot by Gabriel Landeskog.
8:06 of 1st period - Deflect By Jakub Voracek.
8:06 of 1st period - Shot Misses the Net.
8:13 of 1st period - Andrej Sekera is hit by Victor Hedman and loses puck.
8:20 of 1st period - Shot by Henrik Sedin.
8:20 of 1st period - Stopped by Louis Domingue without a rebound.
8:21 of 1st period - Jeff Carter wins face-off versus Luke Glendening in Penguins zone.
8:26 of 1st period - Shot by Jeff Carter.
8:26 of 1st period - Stopped by Louis Domingue without a rebound.
8:27 of 1st period - Luke Glendening wins face-off versus Eric Fehr in Penguins zone.
8:45 of 1st period - Icing by Dmitry Kulikov.
8:46 of 1st period - Luke Glendening wins face-off versus Henrik Sedin in Penguins zone.
9:05 of 1st period - Shot by Xavier Ouellet.
9:05 of 1st period - Shot Blocked by Andrej Sekera.
9:07 of 1st period - Shot by Xavier Ouellet.
9:07 of 1st period - Stopped by Kari Lehtonen without a rebound.
9:08 of 1st period - Alexander Wennberg wins face-off versus Johnny Gaudreau in Lightning zone.
9:09 of 1st period - Shot by Mike Cammalleri.
9:09 of 1st period - Stopped by Kari Lehtonen without a rebound.
9:10 of 1st period - Jeff Carter wins face-off versus Alexander Wennberg in Lightning zone.
9:10 of 1st period - Jeff Carter is hit by Alexander Wennberg.
9:16 of 1st period - Shot by Patric Hornqvist.
9:16 of 1st period - Shot Blocked by Ryan Suter.
9:16 of 1st period - Ryan Suter from Penguins is injured at 9:16 of 1st period (Right Foot).
9:17 of 1st period - Jeff Carter wins face-off versus Nathan MacKinnon in Penguins zone.
9:38 of 1st period - Shot by Jeff Carter.
9:38 of 1st period - Shot Misses the Net.
9:43 of 1st period - Icing by Jakub Voracek.
9:44 of 1st period - Henrik Sedin wins face-off versus Gabriel Landeskog in Penguins zone.
9:53 of 1st period - Shot by Henrik Sedin.
9:53 of 1st period - Deflect By Tomas Fleischmann.
9:53 of 1st period - Shot Misses the Net.
10:46 of 1st period - Icing by Kevin Klein.
10:47 of 1st period - Alexander Wennberg wins face-off versus Jeff Carter in Lightning zone.
10:51 of 1st period - Alexander Wennberg is hit by Kevin Klein and loses puck.
12:00 of 1st period - Tobias Rieder is hit by David Perron and loses puck.
12:04 of 1st period - Minor Penalty to Christian Ehrhoff for Hooking.
12:05 of 1st period - Nathan MacKinnon wins face-off versus Travis Zajac in Lightning zone.
12:22 of 1st period - Shot by Gabriel Landeskog.
12:22 of 1st period - Shot Blocked by Erik Gudbranson.
12:54 of 1st period - Shot by Brandon Saad.
12:54 of 1st period - Stopped by Kari Lehtonen with a rebound.
13:26 of 1st period - Shot by Dmitry Kulikov.
13:26 of 1st period - Shot Misses the Net.
13:28 of 1st period - Shot by Matt Hunwick.
13:28 of 1st period - Shot Misses the Net.
13:30 of 1st period - Shot by Dmitry Kulikov.
13:30 of 1st period - Shot Misses the Net.
13:40 of 1st period - Shot by Gabriel Landeskog.
13:40 of 1st period - Stopped by Kari Lehtonen without a rebound.
13:41 of 1st period - Travis Zajac wins face-off versus Brandon Saad in Lightning zone.
14:05 of 1st period - Minor Penalty to Christian Ehrhoff for Interference.
14:06 of 1st period - Travis Zajac wins face-off versus Jakub Voracek in Lightning zone.
14:18 of 1st period - Icing by Victor Hedman.
14:19 of 1st period - Travis Zajac wins face-off versus Nathan MacKinnon in Penguins zone.
14:27 of 1st period - Icing by Matt Hunwick.
14:28 of 1st period - Nathan MacKinnon wins face-off versus Travis Zajac in Penguins zone.
14:46 of 1st period - Icing by Jakub Voracek.
14:47 of 1st period - Nathan MacKinnon wins face-off versus Travis Zajac in Penguins zone.
15:06 of 1st period - Icing by Matt Hunwick.
15:07 of 1st period - Nathan MacKinnon wins face-off versus Eric Fehr in Penguins zone.
16:15 of 1st period - Shot by Patric Hornqvist.
16:15 of 1st period - Deflect By Johnny Gaudreau.
16:15 of 1st period - Shot Misses the Net.
16:37 of 1st period - Shot by Oliver Bjorkstrand.
16:37 of 1st period - Stopped by Kari Lehtonen without a rebound.
16:38 of 1st period - Henrik Sedin wins face-off versus Luke Glendening in Lightning zone.
17:02 of 1st period - Dmitry Kulikov is hit by Erik Gudbranson and loses puck.
17:45 of 1st period - Shot by Johnny Gaudreau.
17:45 of 1st period - Shot Misses the Net.
18:40 of 1st period - Travis Zajac is hit by David Perron and loses puck.
19:01 of 1st period - Shot by Tobias Rieder.
19:01 of 1st period - Deflect By Travis Zajac.
19:01 of 1st period - Shot Blocked by Matt Hunwick.
19:12 of 1st period - Shot by Nathan MacKinnon.
19:12 of 1st period - Stopped by Kari Lehtonen without a rebound.
19:13 of 1st period - Henrik Sedin wins face-off versus Alexander Wennberg in Lightning zone.
19:46 of 1st period - Shot by Mike Cammalleri.
19:46 of 1st period - Shot Misses the Net.
Goals for this period are 1 for Penguins vs 1 for Lightning.
Shots for this period are 9 for Penguins vs 5 for Lightning.

2nd period


0:01 of 2nd period - Nathan MacKinnon wins face-off versus Jeff Carter in neutral zone.
0:18 of 2nd period - Shot by Gabriel Landeskog.
0:18 of 2nd period - Stopped by Kari Lehtonen without a rebound.
0:19 of 2nd period - Brandon Saad wins face-off versus Henrik Sedin in Lightning zone.
0:27 of 2nd period - Shot by Brandon Saad.
0:27 of 2nd period - Stopped by Kari Lehtonen with a rebound.
1:45 of 2nd period - Shot by Gabriel Landeskog.
1:45 of 2nd period - Shot Misses the Net.
2:21 of 2nd period - Shot by William Nylander.
2:21 of 2nd period - Stopped by Kari Lehtonen without a rebound.
2:22 of 2nd period - Travis Zajac wins face-off versus Luke Glendening in Lightning zone.
2:22 of 2nd period - Travis Zajac is hit by Luke Glendening.
2:25 of 2nd period - Icing by Tobias Rieder.
2:26 of 2nd period - Travis Zajac wins face-off versus Alexander Wennberg in Lightning zone.
2:34 of 2nd period - Icing by Matt Hunwick.
2:35 of 2nd period - Jeff Carter wins face-off versus Alexander Wennberg in Penguins zone.
2:48 of 2nd period - Shot by Alexander Wennberg.
2:48 of 2nd period - Shot Misses the Net.
3:02 of 2nd period - Shot by Mike Cammalleri.
3:02 of 2nd period - Stopped by Kari Lehtonen without a rebound.
3:03 of 2nd period - Nathan MacKinnon wins face-off versus Travis Zajac in Lightning zone.
3:23 of 2nd period - Shot by Tobias Rieder.
3:23 of 2nd period - Stopped by Louis Domingue without a rebound.
3:24 of 2nd period - Johnny Gaudreau wins face-off versus Alexander Wennberg in Penguins zone.
3:29 of 2nd period - Shot by Jeff Carter.
3:29 of 2nd period - Stopped by Louis Domingue without a rebound.
3:30 of 2nd period - Nathan MacKinnon wins face-off versus Jeff Carter in Penguins zone.
3:30 of 2nd period - Nathan MacKinnon is hit by Patric Hornqvist.
4:19 of 2nd period - Minor Penalty to Mike Cammalleri for Interference.
4:20 of 2nd period - Luke Glendening wins face-off versus Henrik Sedin in Penguins zone.
6:41 of 2nd period - Shot by Alexander Wennberg.
6:41 of 2nd period - Goal by Alexander Wennberg - Penguins : 2 - Lightning : 1.
6:42 of 2nd period - William Nylander wins face-off versus Eric Fehr in neutral zone.
7:02 of 2nd period - Johnny Gaudreau is hit by Victor Hedman and loses puck.
8:21 of 2nd period - Shot by Henrik Sedin.
8:21 of 2nd period - Shot Blocked by Dmitry Kulikov.
9:04 of 2nd period - Icing by Christian Ehrhoff.
9:05 of 2nd period - Jeff Carter wins face-off versus Nathan MacKinnon in Lightning zone.
9:05 of 2nd period - Johnny Gaudreau is hit by Gabriel Landeskog and loses puck.
10:39 of 2nd period - Luke Glendening is hit by Andrej Sekera and loses puck.
11:43 of 2nd period - Off-side.
11:44 of 2nd period - Alexander Wennberg wins face-off versus Jeff Carter in neutral zone.
11:47 of 2nd period - Shot by Mike Cammalleri.
11:47 of 2nd period - Deflect By Brandon Saad.
11:47 of 2nd period - Shot Misses the Net.
12:03 of 2nd period - Shot by Brandon Saad.
12:03 of 2nd period - Shot Misses the Net.
12:05 of 2nd period - Shot by Brandon Saad.
12:05 of 2nd period - Stopped by Kari Lehtonen without a rebound.
12:06 of 2nd period - Nathan MacKinnon wins face-off versus Henrik Sedin in Lightning zone.
12:07 of 2nd period - Shot by Jakub Voracek.
12:07 of 2nd period - Stopped by Kari Lehtonen without a rebound.
12:08 of 2nd period - Nathan MacKinnon wins face-off versus Henrik Sedin in Lightning zone.
12:17 of 2nd period - Shot by Nathan MacKinnon.
12:17 of 2nd period - Stopped by Kari Lehtonen without a rebound.
12:18 of 2nd period - Jeff Carter wins face-off versus Alexander Wennberg in Lightning zone.
13:34 of 2nd period - Shot by Henrik Sedin.
13:34 of 2nd period - Shot Blocked by David Savard.
13:38 of 2nd period - Shot by Troy Brouwer.
13:38 of 2nd period - Stopped by Louis Domingue without a rebound.
13:39 of 2nd period - Travis Zajac wins face-off versus Nathan MacKinnon in Penguins zone.
13:46 of 2nd period - Shot by Nick Spaling.
13:46 of 2nd period - Shot Misses the Net.
13:52 of 2nd period - Shot by Tobias Rieder.
13:52 of 2nd period - Stopped by Louis Domingue with a rebound.
13:54 of 2nd period - Shot by Christian Ehrhoff.
13:54 of 2nd period - Stopped by Louis Domingue without a rebound.
13:55 of 2nd period - William Nylander wins face-off versus Henrik Sedin in Penguins zone.
14:10 of 2nd period - Shot by Troy Brouwer.
14:10 of 2nd period - Shot Misses the Net.
15:01 of 2nd period - Patric Hornqvist is hit by Gabriel Landeskog and loses puck.
15:30 of 2nd period - Shot by Pavel Zacha.
15:30 of 2nd period - Shot Blocked by Kevin Klein.
15:32 of 2nd period - Shot by Luke Glendening.
15:32 of 2nd period - Stopped by Kari Lehtonen without a rebound.
15:33 of 2nd period - Travis Zajac wins face-off versus Luke Glendening in Lightning zone.
15:51 of 2nd period - Brad Hunt is hit by Gabriel Bourque.
17:30 of 2nd period - Shot by Jakub Voracek.
17:30 of 2nd period - Deflect By Nathan MacKinnon.
17:30 of 2nd period - Stopped by Kari Lehtonen without a rebound.
17:31 of 2nd period - Alexander Wennberg wins face-off versus Henrik Sedin in Lightning zone.
17:32 of 2nd period - Shot by Mike Cammalleri.
17:32 of 2nd period - Stopped by Kari Lehtonen without a rebound.
17:33 of 2nd period - Alexander Wennberg wins face-off versus Henrik Sedin in Lightning zone.
17:34 of 2nd period - Shot by Mike Cammalleri.
17:34 of 2nd period - Shot Misses the Net.
17:36 of 2nd period - Shot by Victor Hedman.
17:36 of 2nd period - Shot Blocked by Henrik Sedin.
17:50 of 2nd period - Shot by Brandon Saad.
17:50 of 2nd period - Shot Blocked by Kevin Klein.
17:59 of 2nd period - Icing by Andrej Sekera.
18:00 of 2nd period - Nathan MacKinnon wins face-off versus Henrik Sedin in Lightning zone.
18:47 of 2nd period - Shot by Jeff Carter.
18:47 of 2nd period - Stopped by Louis Domingue with a rebound.
18:49 of 2nd period - Shot by Jeff Carter.
18:49 of 2nd period - Stopped by Louis Domingue without a rebound.
18:50 of 2nd period - Travis Zajac wins face-off versus Alexander Wennberg in Penguins zone.
19:07 of 2nd period - Shot by Travis Zajac.
19:07 of 2nd period - Deflect By Tobias Rieder.
19:07 of 2nd period - Shot Misses the Net.
19:09 of 2nd period - Shot by Nick Spaling.
19:09 of 2nd period - Stopped by Louis Domingue without a rebound.
19:10 of 2nd period - William Nylander wins face-off versus Jeff Carter in Penguins zone.
19:19 of 2nd period - Shot by David Perron.
19:19 of 2nd period - Shot Hit the Post.
Goals for this period are 1 for Penguins vs 0 for Lightning.
Shots for this period are 11 for Penguins vs 8 for Lightning.

3rd period


0:01 of 3rd period - Jeff Carter wins face-off versus Gabriel Landeskog in neutral zone.
0:14 of 3rd period - Icing by Patric Hornqvist.
0:15 of 3rd period - Mike Cammalleri wins face-off versus Jeff Carter in Lightning zone.
0:16 of 3rd period - Shot by Brandon Saad.
0:16 of 3rd period - Shot Misses the Net.
0:18 of 3rd period - Shot by Brandon Saad.
0:18 of 3rd period - Shot Misses the Net.
0:20 of 3rd period - Shot by Mike Cammalleri.
0:20 of 3rd period - Shot Hit the Post.
0:22 of 3rd period - Shot by Brandon Saad.
0:22 of 3rd period - Shot Blocked by Kevin Klein.
0:54 of 3rd period - Shot by Brandon Saad.
0:54 of 3rd period - Stopped by Kari Lehtonen without a rebound.
0:55 of 3rd period - Nathan MacKinnon wins face-off versus Henrik Sedin in Lightning zone.
1:32 of 3rd period - Off-side.
1:33 of 3rd period - William Nylander wins face-off versus Travis Zajac in neutral zone.
1:42 of 3rd period - Shot by Oliver Bjorkstrand.
1:42 of 3rd period - Shot Misses the Net.
1:51 of 3rd period - William Nylander is hit by Brad Hunt and loses puck.
2:12 of 3rd period - Shot by William Nylander.
2:12 of 3rd period - Deflect By David Perron.
2:12 of 3rd period - Stopped by Kari Lehtonen with a rebound.
2:48 of 3rd period - Minor Penalty to Kevin Klein for Holding.
2:49 of 3rd period - Nathan MacKinnon wins face-off versus Travis Zajac in Lightning zone.
2:50 of 3rd period - Shot by Gabriel Landeskog.
2:50 of 3rd period - Stopped by Kari Lehtonen without a rebound.
2:51 of 3rd period - Nathan MacKinnon wins face-off versus Travis Zajac in Lightning zone.
3:08 of 3rd period - Shot by Gabriel Landeskog.
3:08 of 3rd period - Stopped by Kari Lehtonen with a rebound.
3:10 of 3rd period - Shot by Victor Hedman.
3:10 of 3rd period - Stopped by Kari Lehtonen without a rebound.
3:11 of 3rd period - Travis Zajac wins face-off versus Alexander Wennberg in Lightning zone.
3:11 of 3rd period - Travis Zajac is hit by Brandon Saad.
4:03 of 3rd period - Icing by Gabriel Landeskog.
4:04 of 3rd period - Nathan MacKinnon wins face-off versus Eric Fehr in Penguins zone.
4:10 of 3rd period - Gabriel Landeskog is hit by Erik Gudbranson and loses puck.
4:21 of 3rd period - Shot by Nathan MacKinnon.
4:21 of 3rd period - Shot Misses the Net.
5:26 of 3rd period - Icing by Andrej Sekera.
5:27 of 3rd period - Alexander Wennberg wins face-off versus Jeff Carter in Lightning zone.
5:30 of 3rd period - Shot by Mike Cammalleri.
5:30 of 3rd period - Deflect By Brandon Saad.
5:30 of 3rd period - Shot Blocked by Kevin Klein.
5:42 of 3rd period - Alexander Wennberg is hit by Patric Hornqvist and loses puck.
6:19 of 3rd period - Shot by Nick Spaling.
6:19 of 3rd period - Shot Misses the Net.
6:56 of 3rd period - Icing by Nick Spaling.
6:57 of 3rd period - William Nylander wins face-off versus Travis Zajac in Lightning zone.
7:04 of 3rd period - Shot by David Perron.
7:04 of 3rd period - Stopped by Kari Lehtonen without a rebound.
7:05 of 3rd period - Alexander Wennberg wins face-off versus Jeff Carter in Lightning zone.
7:34 of 3rd period - Shot by Johnny Gaudreau.
7:34 of 3rd period - Shot Misses the Net.
8:02 of 3rd period - Icing by Victor Hedman.
8:03 of 3rd period - Alexander Wennberg wins face-off versus Henrik Sedin in Penguins zone.
9:17 of 3rd period - Gabriel Landeskog is hit by Erik Gudbranson and loses puck.
9:24 of 3rd period - Shot by Nathan MacKinnon.
9:24 of 3rd period - Stopped by Kari Lehtonen without a rebound.
9:25 of 3rd period - William Nylander wins face-off versus Jeff Carter in Lightning zone.
9:38 of 3rd period - Shot by William Nylander.
9:38 of 3rd period - Shot Misses the Net.
9:45 of 3rd period - David Perron is hit by Brad Hunt and loses puck.
9:48 of 3rd period - Shot by Xavier Ouellet.
9:48 of 3rd period - Shot Misses the Net.
9:49 of 3rd period - Minor Penalty to Christian Ehrhoff for Holding.
9:50 of 3rd period - Nathan MacKinnon wins face-off versus Tomas Fleischmann in Lightning zone.
10:13 of 3rd period - Shot by Jakub Voracek.
10:13 of 3rd period - Deflect By Gabriel Landeskog.
10:13 of 3rd period - Stopped by Kari Lehtonen without a rebound.
10:14 of 3rd period - Travis Zajac wins face-off versus Nathan MacKinnon in Lightning zone.
11:01 of 3rd period - Mike Cammalleri is hit by Kevin Klein and loses puck.
11:14 of 3rd period - Shot by Brandon Saad.
11:14 of 3rd period - Shot Misses the Net.
11:16 of 3rd period - Shot by Mike Cammalleri.
11:16 of 3rd period - Deflect By Brandon Saad.
11:16 of 3rd period - Stopped by Kari Lehtonen without a rebound.
11:17 of 3rd period - Nathan MacKinnon wins face-off versus Travis Zajac in Lightning zone.
11:38 of 3rd period - Shot by Victor Hedman.
11:38 of 3rd period - Stopped by Kari Lehtonen without a rebound.
11:39 of 3rd period - Travis Zajac wins face-off versus Alexander Wennberg in Lightning zone.
11:56 of 3rd period - Jeff Carter is hit by David Perron and loses puck.
12:57 of 3rd period - Shot by Henrik Sedin.
12:57 of 3rd period - Shot Blocked by Luke Glendening.
13:01 of 3rd period - Shot by Henrik Sedin.
13:01 of 3rd period - Shot Misses the Net.
13:03 of 3rd period - Shot by Kevin Klein.
13:03 of 3rd period - Goal by Kevin Klein - Penguins : 2 - Lightning : 2.
13:04 of 3rd period - Travis Zajac wins face-off versus Nathan MacKinnon in neutral zone.
13:35 of 3rd period - Shot by Travis Zajac.
13:35 of 3rd period - Stopped by Louis Domingue without a rebound.
13:36 of 3rd period - Alexander Wennberg wins face-off versus Henrik Sedin in Penguins zone.
13:55 of 3rd period - Alexander Wennberg is hit by Troy Brouwer and loses puck.
14:03 of 3rd period - Icing by Victor Hedman.
14:04 of 3rd period - Jeff Carter wins face-off versus Mike Cammalleri in Penguins zone.
14:05 of 3rd period - Shot by Johnny Gaudreau.
14:05 of 3rd period - Shot Misses the Net.
14:17 of 3rd period - Shot by Alexander Wennberg.
14:17 of 3rd period - Stopped by Kari Lehtonen without a rebound.
14:18 of 3rd period - Travis Zajac wins face-off versus Nathan MacKinnon in Lightning zone.
14:25 of 3rd period - Shot by Nathan MacKinnon.
14:25 of 3rd period - Shot Misses the Net.
14:51 of 3rd period - Shot by Gabriel Landeskog.
14:51 of 3rd period - Stopped by Kari Lehtonen without a rebound.
14:52 of 3rd period - Jeff Carter wins face-off versus Alexander Wennberg in Lightning zone.
15:05 of 3rd period - Shot by Jeff Carter.
15:05 of 3rd period - Stopped by Louis Domingue without a rebound.
15:06 of 3rd period - William Nylander wins face-off versus Henrik Sedin in Penguins zone.
15:06 of 3rd period - William Nylander is hit by Troy Brouwer.
15:17 of 3rd period - Christian Ehrhoff is hit by David Perron and loses puck.
15:21 of 3rd period - Icing by Brad Hunt.
15:22 of 3rd period - Nathan MacKinnon wins face-off versus Henrik Sedin in Lightning zone.
15:38 of 3rd period - Minor Penalty to Matt Hunwick for Boarding.
15:39 of 3rd period - Luke Glendening wins face-off versus Jeff Carter in Penguins zone.
17:59 of 3rd period - Off-side.
18:00 of 3rd period - Eric Fehr wins face-off versus Alexander Wennberg in neutral zone.
18:05 of 3rd period - Icing by Matt Hunwick.
18:06 of 3rd period - Alexander Wennberg wins face-off versus Patric Hornqvist in Penguins zone.
18:33 of 3rd period - Mike Cammalleri is hit by Patric Hornqvist and loses puck.
18:47 of 3rd period - Kevin Klein is hit by Matt Hunwick and loses puck.
19:18 of 3rd period - Shot by Nick Spaling.
19:18 of 3rd period - Shot Misses the Net.
19:20 of 3rd period - Shot by Tobias Rieder.
19:20 of 3rd period - Stopped by Louis Domingue without a rebound.
19:21 of 3rd period - Henrik Sedin wins face-off versus William Nylander in Penguins zone.
19:22 of 3rd period - Shot by David Schlemko.
19:22 of 3rd period - Stopped by Louis Domingue without a rebound.
19:23 of 3rd period - Henrik Sedin wins face-off versus David Perron in Penguins zone.
19:32 of 3rd period - Shot by Tomas Fleischmann.
19:32 of 3rd period - Shot Misses the Net.
19:52 of 3rd period - Shot by Troy Brouwer.
19:52 of 3rd period - Shot Misses the Net.
Goals for this period are 0 for Penguins vs 1 for Lightning.
Shots for this period are 12 for Penguins vs 5 for Lightning.

Overtime #1


0:01 of 1st overtime period - Gabriel Landeskog wins face-off versus Henrik Sedin in neutral zone.
0:14 of 1st overtime period - Shot by Gabriel Landeskog.
0:14 of 1st overtime period - Stopped by Kari Lehtonen without a rebound.
0:15 of 1st overtime period - Nathan MacKinnon wins face-off versus Jeff Carter in Lightning zone.
0:28 of 1st overtime period - Shot by Gabriel Landeskog.
0:28 of 1st overtime period - Shot Blocked by Erik Gudbranson.
0:39 of 1st overtime period - Shot by Jeff Carter.
0:39 of 1st overtime period - Stopped by Louis Domingue without a rebound.
0:40 of 1st overtime period - Jeff Carter wins face-off versus Nathan MacKinnon in Penguins zone.
0:49 of 1st overtime period - Shot by Henrik Sedin.
0:49 of 1st overtime period - Shot Misses the Net.
1:15 of 1st overtime period - Shot by Henrik Sedin.
1:15 of 1st overtime period - Shot Misses the Net.
1:22 of 1st overtime period - Icing by Victor Hedman.
1:23 of 1st overtime period - Travis Zajac wins face-off versus Nathan MacKinnon in Penguins zone.
1:30 of 1st overtime period - Shot by Patric Hornqvist.
1:30 of 1st overtime period - Shot Misses the Net.
1:38 of 1st overtime period - Shot by Travis Zajac.
1:38 of 1st overtime period - Shot Blocked by Matt Hunwick.
1:40 of 1st overtime period - Shot by Travis Zajac.
1:40 of 1st overtime period - Stopped by Louis Domingue without a rebound.
1:41 of 1st overtime period - Gabriel Landeskog wins face-off versus Henrik Sedin in Penguins zone.
1:50 of 1st overtime period - Shot by Gabriel Landeskog.
1:50 of 1st overtime period - Shot Misses the Net.
1:54 of 1st overtime period - Shot by Gabriel Landeskog.
1:54 of 1st overtime period - Stopped by Kari Lehtonen without a rebound.
1:55 of 1st overtime period - Gabriel Landeskog wins face-off versus Henrik Sedin in Lightning zone.
2:08 of 1st overtime period - Shot by Patric Hornqvist.
2:08 of 1st overtime period - Shot Blocked by Dmitry Kulikov.
2:18 of 1st overtime period - Shot by Gabriel Landeskog.
2:18 of 1st overtime period - Stopped by Kari Lehtonen with a rebound.
2:58 of 1st overtime period - Icing by Kevin Klein.
2:59 of 1st overtime period - Jeff Carter wins face-off versus Jakub Voracek in Lightning zone.
3:06 of 1st overtime period - Shot by Johnny Gaudreau.
3:06 of 1st overtime period - Stopped by Louis Domingue with a rebound.
3:14 of 1st overtime period - Shot by Johnny Gaudreau.
3:14 of 1st overtime period - Stopped by Louis Domingue without a rebound.
3:15 of 1st overtime period - Jeff Carter wins face-off versus Nathan MacKinnon in Penguins zone.
3:22 of 1st overtime period - Shot by Jeff Carter.
3:22 of 1st overtime period - Stopped by Louis Domingue without a rebound.
3:23 of 1st overtime period - Henrik Sedin wins face-off versus Gabriel Landeskog in Penguins zone.
3:30 of 1st overtime period - Shot by Patric Hornqvist.
3:30 of 1st overtime period - Shot Misses the Net.
4:02 of 1st overtime period - Icing by Kevin Klein.
4:03 of 1st overtime period - Henrik Sedin wins face-off versus Nathan MacKinnon in Lightning zone.
4:40 of 1st overtime period - Shot by Brandon Saad.
4:40 of 1st overtime period - Shot Misses the Net.
Goals for this period are 0 for Penguins vs 0 for Lightning.
Shots for this period are 3 for Penguins vs 5 for Lightning.

ShootOut


5:00 of 1st overtime period - Penalty Shot by Nathan MacKinnon for Penguins.
5:00 of 1st overtime period - Stopped by Kari Lehtonen.
5:00 of 1st overtime period - Penalty Shot by Jeff Carter for Lightning.
5:00 of 1st overtime period - Shot Misses the Net.
5:00 of 1st overtime period - Penalty Shot by Mike Cammalleri for Penguins.
5:00 of 1st overtime period - Stopped by Kari Lehtonen.
5:00 of 1st overtime period - Penalty Shot by Henrik Sedin for Lightning.
5:00 of 1st overtime period - Goal by Henrik Sedin.
5:00 of 1st overtime period - Penalty Shot by Alexander Wennberg for Penguins.
5:00 of 1st overtime period - Stopped by Kari Lehtonen.